 Dungeon Sprint DCSS version 0.28-a0-1395-g4f6bc678fa (webtiles) character file.

Game seed: 14927159582625953326

65814 rocky1 the Iron Dragon (level 14, -7/124 HPs)
             Began as a Grey Draconian Earth Elementalist on Jan 5, 2022.
             Was the Champion of Sif Muna.
             Killed from afar by a blizzard demon (43 damage)
             ... with a bolt of lightning
             ... in the Dungeon (Sprint VII: "The Pits").
             The game lasted 01:03:41 (7876 turns).

rocky1 the Iron Dragon (DrEE)                       Turns: 7876, Time: 01:03:41

Health: -7/124     AC: 18    Str: 11    XL:     14   Next: 76%
Magic:  8/34       EV: 16    Int: 19    God:    Sif Muna [******]
Gold:   37         SH:  0    Dex: 13    Spells: 10/45 levels left

rFire   + . .      SeeInvis .   B - staff of earth
rCold   + . .      Faith    .   l - orb {*channel}
rNeg    . . .      Spirit   .   (armour unavailable)
rPois   .          Reflect  .   (helmet restricted)
rElec   .          Harm     .   q - +1 cloak
rCorr   .          Rampage  .   (no gloves)
Will    +....      NoTele   +   k - +2 pair of boots {Fly}
Stlth   +.........              (no amulet)
HPRegen 0.30/turn               y - ring of protection from fire
MPRegen 0.24/turn               x - ring of protection from cold

@: flying, glowing
A: AC +13, amphibious, unfitting armour, cold-blooded
a: Renounce Religion, Channel Magic, Forget Spell, Divine Exegesis


You were in the Dungeon.
You worshipped Sif Muna.
Sif Muna was exalted by your worship.
You visited 1 branch You collected 37 gold pieces.

Inventory:

Hand Weapons
 h - the +4 long sword of Zithrilerr {speed, Int+5}
   (You found it in the Dungeon)

   Attacks with this weapon are significantly faster.
   Int:       It affects your intelligence (+5).
 C - the +7 great mace "Firestarter" {inner flame, rF++}
   (You found it in the Dungeon)

   It burns those it strikes, dealing additional fire damage.
   It fills those it strikes with an explosive inner flame.
   It grants immunity to clouds of flame.
   rF:        It greatly protects you from fire.
 D - a +2 arbalest of flaming
 H - a +3 lajatang
Armour
 k - a +2 pair of boots of flying (worn)
 l - an orb of energy (worn)
 m - a +1 tower shield
 q - a +1 cloak (worn)
Magical Staves
 B - a staff of earth (weapon)
 G - a staff of cold
Jewellery
 e - a +6 ring of dexterity
 x - a ring of protection from cold (right hand)
 y - a ring of protection from fire (left hand)
Wands
 A - a wand of flame (23)
Scrolls
 i - 2 scrolls of amnesia
 j - a scroll of summoning
 r - 2 scrolls of identify
 s - 4 scrolls of enchant weapon
 t - 2 scrolls of fog
 u - 3 scrolls of fear
 w - 2 scrolls of enchant armour
Potions
 a - 2 potions of invisibility
 b - 7 potions of curing
 c - 11 potions of heal wounds
 d - a potion of haste
 f - 2 potions of berserk rage
 n - a potion of brilliance
 o - 3 potions of might
 v - 5 potions of mutation
 z - a potion of ambrosia
Miscellaneous
 p - a phial of floods
 E - a lightning rod (4/4)
 F - a condenser vane


   Skills:
 - Level 11.1 Fighting
 - Level 12.0 Staves
 - Level 9.6 Dodging
 - Level 2.7 Stealth
 + Level 12.3 Shields
 + Level 16.3 Spellcasting
 + Level 13.5 Conjurations
 - Level 10.1 Transmutations
 + Level 8.1 Fire Magic
 O Level 27 Earth Magic
 - Level 11.0 Invocations
 + Level 12.3 Evocations


You had 10 spell levels left.
You knew the following spells:

 Your Spells              Type           Power      Damage    Failure   Level
b - Statue Form           Tmut/Erth      61%        N/A       1%          6
c - Lee's Rapid Deconstr  Erth           54%        3d26*     0%          5
d - Shatter               Erth           54%        3d41*     6%          9
e - Fire Storm            Conj/Fire      27%        8d7       100%        9
f - Iron Shot             Conj/Erth      47%        9d9       1%          6

Your spell library contained the following spells:

 Spells                   Type           Power      Damage    Failure   Level
 Magic Dart               Conj           100%       1d8       0%          1
 Sandblast                Erth           100%       2d20      0%          1
 Passwall                 Tmut/Erth      76%        N/A       0%          2
 Stone Arrow              Conj/Erth      100%       3d13      0%          3
 Beastly Appendage        Tmut           100%       N/A       1%          1
 Foxfire                  Conj/Fire      100%       2x1d9     1%          1
 Shock                    Conj/Air       100%       1d9       1%          1
 Sting                    Tmut/Pois      100%       1d8       1%          1
 Scorch                   Fire           92%        2d10      1%          2
 Searing Ray              Conj           100%       2d8       1%          2
 Static Discharge         Conj/Air       41%        N/A       1%          2
 Wereblood                Tmut           52%        N/A       1%          2
 Conjure Flame            Conj/Fire      54%        6-21      1%          3
 Dazzling Flash           Conj/Hex       82%        N/A       1%          3
 Ignite Poison            Fire/Tmut/Pois 38%        N/A       1%          3
 Mephitic Cloud           Conj/Pois/Air  32%        N/A       1%          3
 Flame Wave               Conj/Fire      54%        2d9       1%          4
 Leda's Liquefaction      Hex/Erth       39%        N/A       1%          4
 Petrify                  Tmut/Erth      92%        N/A       1%          4
 Sticky Flame             Conj/Fire      54%        2d7       1%          4
 Blade Hands              Tmut           26%        N/A       1%          5
 Borgnjor's Vile Clutch   Necr/Erth      39%        N/A       1%          5
 Fireball                 Conj/Fire      27%        3d12      1%          5
 Irradiate                Conj/Tmut      28%        3d23      1%          5
 Iskenderun's Battlesphe  Conj           61%        2d11      1%          5
 Inner Flame              Hex/Fire       31%        N/A       2%          3
 Fulminant Prism          Conj/Hex       20%        3d13      2%          4
 Hailstorm                Conj/Ice       41%        3d10      2%          4
 Iskenderun's Mystic Bla  Conj/Tloc      41%        2d9       2%          4
 Animate Skeleton         Necr           30%        N/A       4%          1
 Pain                     Necr           60%        1d7       4%          1
 Slow                     Hex            60%        N/A       4%          1
 Summon Small Mammal      Summ           60%        N/A       4%          1
 Ice Form                 Ice/Tmut       34%        N/A       4%          4
 Blink                    Tloc           30%        N/A       6%          2
 Call Imp                 Summ           15%        N/A       6%          2
 Corpse Rot               Necr/Air       30%        N/A       6%          2
 Poisonous Vapours        Pois/Air       30%        N/A       6%          2
 Lehudib's Crystal Spear  Conj/Erth      47%        10d11     6%          8
 Lightning Bolt           Conj/Air       20%        1d35      7%          5
 Starburst                Conj/Fire      27%        6d9       7%          6
 Call Canine Familiar     Summ           15%        N/A       12%         3
 Confusing Touch          Hex            15%        N/A       12%         3
 Portal Projectile        Hex/Tloc       30%        N/A       12%         3
 Summon Guardian Golem    Hex/Summ       15%        N/A       12%         3
 Swiftness                Air            15%        N/A       12%         3
 Teleport Other           Tloc           15%        N/A       12%         3
 Tukima's Dance           Hex            15%        N/A       12%         3
 Vampiric Draining        Necr           15%        2d7       12%         3
 Orb of Destruction       Conj           30%        9d12      12%         7
 Alistair's Intoxication  Tmut/Pois      22%        N/A       14%         5
 Yara's Violent Unravell  Hex/Tmut       17%        3d8       14%         5
 Freezing Cloud           Conj/Ice/Air   16%        6-21      17%         5
 Airstrike                Air            7%         N/A       36%         4
 Cause Fear               Hex            7%         N/A       36%         4
 Dispel Undead            Necr           15%        3d10      36%         4
 Passage of Golubria      Tloc           15%        N/A       36%         4
 Summon Ice Beast         Ice/Summ       15%        N/A       36%         4
 Summon Lightning Spire   Summ/Air       15%        N/A       36%         4
 Conjure Ball Lightning   Conj/Air       20%        3x3d6     36%         6
 Eringya's Noxious Bog    Tmut/Pois      17%        N/A       58%         6
 Excruciating Wounds      Necr           7%         N/A       73%         5
 Manifold Assault         Tloc           15%        N/A       73%         5
 Summon Forest            Summ/Tloc      7%         N/A       73%         5
 Summon Mana Viper        Hex/Summ       15%        N/A       73%         5
 Spellforged Servitor     Conj/Summ      20%        N/A       90%         7
 Death Channel            Necr           7%         N/A       99%         6
 Simulacrum               Ice/Necr       7%         N/A       99%         6
 Storm Form               Tmut/Air       17%        N/A       99%         7
 Haunt                    Necr/Summ      7%         N/A       100%        7
 Malign Gateway           Summ/Tloc      7%         N/A       100%        7
 Ozocubu's Refrigeration  Ice            7%         4d6       100%        7
 Discord                  Hex            7%         N/A       100%        8
 Infestation              Necr           7%         N/A       100%        8
 Maxwell's Capacitive Co  Air            7%         ∞         100%        8
 Necromutation            Tmut/Necr      17%        N/A       100%        8
 Chain Lightning          Conj/Air       20%        3d27      100%        9
 Death's Door             Necr           7%         N/A       100%        9


Dungeon Overview and Level Annotations

Branches:
Dungeon (1/1)

Altars:
Ashenzari
Cheibriados
Dithmenos
Elyvilon
Fedhas
Gozag
Hepliaklqana
Kikubaaqudgha
Makhleb
Nemelex Xobeh
Okawaru
Qazlal
Ru
Sif Muna
Trog
Uskayaw
Vehumet
Wu Jian
Xom
Yredelemnul
Zin
The Shining One
Beogh
Jiyva
Lugonu

Annotations:
D Mennas


Innate Abilities, Weirdness & Mutations

Your dull iron-grey scales are very hard. (AC +13)
You are amphibious.
You cannot fit into any form of body armour.
You are cold-blooded and may be slowed by cold attacks.


Message History

The angel misses you. The angel closely misses you. The angel misses you. x2
Unknown command.
Casting: Shatter (dangerous; 6% risk of failure)
Confirm with . or Enter, or press ? or * to list all spells.
Aiming: Lee's Rapid Deconstruction (safe; 0% risk of failure)
Press: ? - help, Dir - move target A metal wall.
This square is lit by a halo.
You feel a surge of power!
The metal wall shatters!
The blast of metal fragments hits the angel!!
The angel is heavily wounded.
You are engulfed in poison gas.
You are more poisoned.
You feel extremely sick.
The angel hits you with a +3 whip of holy wrath!!
The angel hits you but does no damage.
Casting: Lee's Rapid Deconstruction (safe; 0% risk of failure)
Confirm with . or Enter, or press ? or * to list all spells.
Aiming: Lee's Rapid Deconstruction (safe; 0% risk of failure)
Press: ? - help, Dir - move target A metal wall.
This square is lit by a halo.
You feel a surge of power!
The metal wall shatters!
The blast of metal fragments hits the angel!!
The angel is severely wounded.
You are engulfed in poison gas.
You are more poisoned.
You feel extremely sick.
The angel gestures.
The angel is healed somewhat.
The angel gestures.
The angel is healed somewhat.
You feel extremely sick.
You feel better.
The angel hits you with a +3 whip of holy wrath!!
* * * LOW HITPOINT WARNING * * *
The angel misses you. The blizzard demon gestures at you.
The bolt of lightning hits you!!!
You die...

# .. .. )...### .. ..
.#......... ... ...##.
.#.........##...
..)..##..........).))[
...○.. )....####')####
#(t##..####.....)).####
#.°..###......##).)...#
==[[))##.A2.............)...


:[[[) #..D@..........))..)† #### ##.#..#.############# ####.# ######## ...
........ .... ........ ################ ##.#.#.#.#.#.#.# #.#.#}#.#}#.#÷#)
##}#.#.#.#.#.#[# You could see an alligator snapping turtle, a golden dragon, an
angel and a blizzard demon.

Vanquished Creatures
  A death cob (D)
  A shadow dragon (D)
  Agnes (D)
  A storm dragon (D)
  3 orc warlords (D)
  A ghost moth (D)
  A deep elf sorcerer (D)
  An angel (D)
  A frost giant (D)
  An ophan (D)
  A vampire knight (D)
  2 black draconians (D)
  A stone giant (D)
  A lorocyproca (D)
  A white draconian (D)
  Azrael (D)
  A dire elephant (D)
  A yellow draconian (D)
  A great orb of eyes (D)
  3 vault guards (D)
  A boulder beetle (D)
  A hydra (D)
  3 naga warriors (D)
  An ogre mage (D)
  5 merfolk avatars (D)
  An anaconda (D)
  2 catoblepae (D)
  4 two-headed ogres (D)
  2 vampire magi (D)
  6 hell knights (D)
  2 deep elf knights (D)
  4 skeletal warriors (D)
  2 sixfirhies (D)
  2 sea snakes (D)
  4 swamp dragons (D)
  3 bog bodies (D)
  A wizard (D)
  11 orc knights (D)
  2 necromancers (D)
  A deep elf pyromancer (D)
  2 cyclopes (D)
  2 ugly things (D)
  A wolf spider (D)
  3 elephants (D)
  A smoke demon (D)
  2 guardian serpents (D)
  A rust devil (D)
  A komodo dragon (D)
  2 efreet (D)
  An unseen horror (D)
  3 orange demons (D)
  An ice devil (D)
  A freezing wraith (D)
  3 hellwings (D)
  A troll (D)
  A merfolk (D)
  2 hornets (D)
  A wind drake (D)
  4 blink frogs (D)
  A snapping turtle (D)
  3 spriggans (D)
  A water elemental (D)
  An air elemental (D)
  3 fire elementals (D)
  2 vampires (D)
  A wyvern (D)
  A ynoxinul (D)
  A fire bat (D)
  2 neqoxecs (D)
  4 redbacks (D)
  A chaos spawn (D)
  A warg (D)
  Edmund (D)
  Duvessa (D)
  A hell hound (D)
  A floating eye (D)
  2 black bears (D)
  4 orc warriors (D)
  A necrophage (D)
  6 wolves (D)
  3 centaurs (D)
  5 ogres (D)
  A scorpion (D)
  Dowan (D)
  11 killer bees (D)
  A hound (D)
  A quasit (D)
  2 orc priests (D)
  A gnoll shaman (D)
  2 iron imps (D)
  An iguana (D)
  4 orc wizards (D)
  6 gnolls (D)
  3 ufetubi (D)
  An adder zombie (D)
  An adder skeleton (D)
  An adder simulacrum (D)
  7 orcs (D)
  A bat skeleton (D)
  3 bat zombies (D)
  2 endoplasms (D)
  A giant cockroach (D)
  2 hobgoblins (D)
  3 quokkas (D)
  A ball python (D)
  A ball python skeleton (D)
  A bat (D)
  A bat simulacrum (D)
  A frilled lizard (D)
  2 rats (D)
226 creatures vanquished.

Vanquished Creatures (collateral kills)
  An orc knight (D)
1 creature vanquished.

Vanquished Creatures (others)
  A fire vortex (D)
1 creature vanquished.

Grand Total: 228 creatures vanquished

Notes
Turn   | Place    | Note
-------+----------+-------------------------------------------
     0 | D        | rocky1 the Draconian Earth Elementalist began the quest for
                  | the Orb.
     0 | D        | Reached XP level 1. HP: 14/14 MP: 3/3
    18 | D        | Reached skill level 4 in Earth Magic
    23 | D        | Found a bloodstained altar of Trog.
    23 | D        | Found a shimmering blue altar of Sif Muna.
    23 | D        | Found a viscous altar of Jiyva.
    23 | D        | Found a hazy altar of Hepliaklqana.
    23 | D        | Found an opulent altar of Gozag.
    25 | D        | Found a glowing golden altar of the Shining One.
    25 | D        | Found a glowing silver altar of Zin.
    25 | D        | Found a basalt altar of Yredelemnul.
    25 | D        | Found a shimmering altar of Xom.
    25 | D        | Found an ornate altar of the Wu Jian Council.
    25 | D        | Found a sacrificial altar of Ru.
    25 | D        | Found a stormy altar of Qazlal.
    25 | D        | Found an iron altar of Okawaru.
    25 | D        | Found a sparkling altar of Nemelex Xobeh.
    25 | D        | Found a burning altar of Makhleb.
    25 | D        | Found a blossoming altar of Fedhas.
    25 | D        | Found a white marble altar of Elyvilon.
    25 | D        | Found a shadowy altar of Dithmenos.
    25 | D        | Found a snail-covered altar of Cheibriados.
    28 | D        | Found a corrupted altar of Lugonu.
    28 | D        | Found a radiant altar of Vehumet.
    29 | D        | Found an ancient bone altar of Kikubaaqudgha.
    29 | D        | Found a hide-covered altar of Uskayaw.
    29 | D        | Found a broken altar of Ashenzari.
    30 | D        | Became a worshipper of Sif Muna the Loreminder
    89 | D        | Reached skill level 5 in Earth Magic
    89 | D        | Reached XP level 2. HP: 12/20 MP: 3/5
   226 | D        | Reached * piety under Sif Muna
   353 | D        | Reached ** piety under Sif Muna
   354 | D        | Reached skill level 6 in Earth Magic
   362 | D        | Reached XP level 3. HP: 19/26 MP: 1/6
   364 | D        | Reached skill level 7 in Earth Magic
   469 | D        | Reached *** piety under Sif Muna
   470 | D        | Reached skill level 8 in Earth Magic
   493 | D        | Reached skill level 9 in Earth Magic
   493 | D        | Reached XP level 4. HP: 33/33 MP: 2/7
   709 | D        | Learned a level 3 spell: Stone Arrow
   719 | D        | Reached **** piety under Sif Muna
   720 | D        | Reached skill level 10 in Earth Magic
   725 | D        | Reached XP level 5. HP: 14/38 MP: 4/8
   729 | D        | Reached skill level 11 in Earth Magic
   737 | D        | Reached ***** piety under Sif Muna
   959 | D        | Noticed an elephant
   975 | D        | Killed an elephant
   976 | D        | Reached skill level 15 in Earth Magic
   976 | D        | Reached XP level 6. HP: 39/45 MP: 1/9
   976 | D        | Your scales start taking on a dull iron-grey colour.
   976 | D        | Reached skill level 17 in Earth Magic
   976 | D        | Reached XP level 7. HP: 44/50 MP: 1/10
  1093 | D        | Learned a level 4 spell: Petrify
  1103 | D        | Noticed Duvessa
  1103 | D        | Noticed Dowan
  1106 | D        | Reached skill level 1 in Conjurations
  1111 | D        | Killed Duvessa
  1112 | D        | Reached skill level 18 in Earth Magic
  1114 | D        | Killed Dowan
  1114 | D        | Received a gift from Sif Muna
  1332 | D        | Noticed a komodo dragon
  1332 | D        | Noticed a cyclops
  1342 | D        | Killed a cyclops
  1343 | D        | Reached XP level 8. HP: 57/57 MP: 3/15
  1403 | D        | Reached skill level 5 in Spellcasting
  1403 | D        | Reached skill level 5 in Conjurations
  1403 | D        | Reached skill level 5 in Transmutations
  1407 | D        | Killed a komodo dragon
  1624 | D        | Noticed an efreet
  1624 | D        | Noticed a boulder beetle
  1660 | D        | Killed an efreet
  1661 | D        | Reached skill level 19 in Earth Magic
  1668 | D        | Killed a boulder beetle
  1668 | D        | Received a gift from Sif Muna
  1669 | D        | Reached skill level 5 in Invocations
  1669 | D        | Reached XP level 9. HP: 26/62 MP: 8/19
  1669 | D        | Got Sif Muna's Tome of the Earthen Compass {god gift}
  1676 | D        | Learned a level 5 spell: Lee's Rapid Deconstruction
  1951 | D        | Killed an unseen horror
  2147 | D        | Noticed an elephant
  2153 | D        | Killed an elephant
  2171 | D        | Noticed a bog body
  2174 | D        | Killed a bog body
  2175 | D        | Reached XP level 10. HP: 75/75 MP: 15/22
  2176 | D        | Received a gift from Sif Muna
  2177 | D        | Got Sif Muna's Tome of Transmigration and Dark Rites {god
                  | gift}
  2347 | D        | Learned a level 6 spell: Statue Form
  2458 | D        | Reached ****** piety under Sif Muna
  2518 | D        | Noticed an elephant
  2523 | D        | Killed an elephant
  2524 | D        | Reached skill level 20 in Earth Magic
  2834 | D        | Received a gift from Sif Muna
  2835 | D        | Reached skill level 5 in Fighting
  2835 | D        | Got Qadueh's Guide on the Birds and the Compass {god gift}
  2895 | D        | Noticed an orc knight
  2895 | D        | Noticed a two-headed ogre
  2900 | D        | Killed a two-headed ogre
  2901 | D        | Reached skill level 5 in Dodging
  2901 | D        | Received a gift from Sif Muna
  2901 | D        | Killed an orc knight
  2905 | D        | Got Sif Muna's Handbook of Virous Confrontation {god gift}
  3127 | D        | Noticed an anaconda
  3132 | D        | Killed an anaconda
  3133 | D        | Reached skill level 10 in Transmutations
  3138 | D        | Reached skill level 10 in Spellcasting
  3138 | D        | Reached XP level 11. HP: 19/92 MP: 12/25
  3449 | D        | Noticed Edmund
  3453 | D        | Received a gift from Sif Muna
  3453 | D        | Killed Edmund
  3454 | D        | Reached skill level 10 in Invocations
  3454 | D        | Got Sif Muna's Collected Works on the Birds {god gift}
  3457 | D        | Noticed a two-headed ogre
  3465 | D        | Killed a two-headed ogre
  3465 | D        | Noticed a vampire mage
  3468 | D        | Killed a vampire mage
  3468 | D        | Received a gift from Sif Muna
  3469 | D        | Got Sif Muna's Incunabulum of Unstable Stones {god gift}
  3469 | D        | Noticed a swamp dragon
  3473 | D        | Killed a swamp dragon
  3583 | D        | Got Sif Muna's Handbook of Arcane Weapons and Unholy Rites
  3674 | D        | Noticed a bog body
  3676 | D        | Killed a bog body
  3710 | D        | Noticed an ogre mage
  3712 | D        | Killed an ogre mage
  3712 | D        | Noticed a two-headed ogre
  3712 | D        | Noticed a two-headed ogre
  3715 | D        | Received a gift from Sif Muna
  3719 | D        | Reached skill level 10 in Conjurations
  3719 | D        | Killed a two-headed ogre
  3720 | D        | Killed a two-headed ogre
  3721 | D        | Reached skill level 10 in Fighting
  3838 | D        | Received a gift from Sif Muna
  3838 | D        | Noticed a purple ugly thing
  3846 | D        | Killed a purple ugly thing
  3849 | D        | Got Egial's Reference Book on the Volcanoes and the Compass
                  | {god gift}
  4053 | D        | Noticed a bog body
  4058 | D        | Killed a bog body
  4219 | D        | Noticed a wizard
  4221 | D        | Killed a wizard
  4222 | D        | Reached XP level 12. HP: 110/110 MP: 22/28
  4222 | D        | Received a gift from Sif Muna
  4224 | D        | Got Sif Muna's Guide on Fetching Conjuration {god gift}
  4550 | D        | Found the +7 great mace "Firestarter" {inner flame, rF++}
  4550 | D        | Noticed a merfolk avatar
  4550 | D        | Noticed a yellow draconian
  4550 | D        | Noticed a great orb of eyes
  4550 | D        | Noticed a merfolk avatar
  4555 | D        | Killed a merfolk avatar
  4556 | D        | Killed a yellow draconian
  4556 | D        | Killed a merfolk avatar
  4557 | D        | Reached skill level 21 in Earth Magic
  4562 | D        | Killed a great orb of eyes
  4562 | D        | Received a gift from Sif Muna
  4563 | D        | Reached skill level 22 in Earth Magic
  4760 | D        | Learned a level 9 spell: Shatter
  4897 | D        | Noticed an orc warlord
  4897 | D        | Noticed an orc warlord
  4917 | D        | Killed an orc warlord
  4918 | D        | Reached skill level 23 in Earth Magic
  4944 | D        | Killed an orc warlord
  5057 | D        | Reached skill level 5 in Staves
  5073 | D        | Received a gift from Sif Muna
  5074 | D        | Got Sif Muna's Disquisition on Arcane Weapons {god gift}
  5209 | D        | Reached skill level 24 in Earth Magic
  5348 | D        | Received a gift from Sif Muna
  5586 | D        | Noticed a naga warrior
  5586 | D        | Noticed a vault guard
  5587 | D        | Noticed a merfolk avatar
  5590 | D        | Noticed a merfolk avatar
  5604 | D        | Killed a merfolk avatar
  5610 | D        | Killed a vault guard
  5610 | D        | Killed a naga warrior
  5610 | D        | Received a gift from Sif Muna
  5611 | D        | Reached skill level 25 in Earth Magic
  5611 | D        | Reached XP level 13. HP: 116/116 MP: 10/29
  5611 | D        | Got Sif Muna's Disquisition on Confrontation {god gift}
  5614 | D        | Reached skill level 10 in Staves
  5695 | D        | Paralysed by an air elemental for 1 turns
  5709 | D        | Received a gift from Sif Muna
  5710 | D        | Reached skill level 26 in Earth Magic
  5715 | D        | Got Sif Muna's Reference Book on Supportive Earth {god
                  | gift}
  5743 | D        | Got the +6 double sword of Ziwkorhu {elec, rN+ SInv}
  5807 | D        | Got the +4 long sword of Zithrilerr {speed, Int+5}
  5997 | D        | Reached skill level 1 in Shields
  5997 | D        | Reached skill level 1 in Evocations
  5998 | D        | Noticed a black draconian
  6004 | D        | Killed a black draconian
  6004 | D        | Received a gift from Sif Muna
  6005 | D        | Got Sif Muna's Compendium of the Destructive Arsonist {god
                  | gift}
  6012 | D        | Noticed a vampire knight
  6015 | D        | Killed a vampire knight
  6017 | D        | Received a gift from Sif Muna
  6018 | D        | Reached skill level 5 in Shields
  6018 | D        | Reached skill level 5 in Evocations
  6018 | D        | Noticed a death cob
  6023 | D        | Killed a death cob
  6023 | D        | Received a gift from Sif Muna
  6235 | D        | Got Sif Muna's Handbook of Aerial Companions {god gift}
  6235 | D        | Got Sif Muna's Guide on the Sinister Entourage {god gift}
  6406 | D        | Noticed a white draconian
  6414 | D        | Killed a white draconian
  6415 | D        | Reached skill level 27 in Earth Magic
  6444 | D        | Noticed Azrael
  6448 | D        | Received a gift from Sif Muna
  6449 | D        | Killed Azrael
  6458 | D        | Noticed Mennas
  6462 | D        | Noticed a lorocyproca
  6476 | D        | Killed a ghost moth
  6477 | D        | Received a gift from Sif Muna
  6478 | D        | Reached XP level 14. HP: 23/124 MP: 0/32
  6681 | D        | Noticed Agnes
  6683 | D        | Killed Agnes
  6760 | D        | Learned a level 9 spell: Fire Storm
  6774 | D        | Got Sif Muna's Collected Works on Confrontation and the
                  | Rocks {god gift}
  6781 | D        | Reached skill level 1 in Fire Magic
  6791 | D        | Noticed a storm dragon
  6795 | D        | Identified the +11 falchion "Didis" {freeze, Str+3 Int+4
                  | Dex-5}
  6801 | D        | Killed a storm dragon
  6880 | D        | Learned a level 6 spell: Iron Shot
  6907 | D        | Received a gift from Sif Muna
  7091 | D        | Reached skill level 15 in Spellcasting
  7267 | D        | Noticed a frost giant
  7272 | D        | Killed a frost giant
  7273 | D        | Reached skill level 10 in Shields
  7273 | D        | Reached skill level 10 in Evocations
  7320 | D        | Paralysed by a floating eye for 3 turns
  7324 | D        | Received a gift from Sif Muna
  7327 | D        | Got Sif Muna's Papyrus of Transmutation and Contamination
                  | {god gift}
  7356 | D        | Got Ybugyahi's Grimoire of Malediction {god gift}
  7356 | D        | Noticed an orc warlord
  7362 | D        | Killed an orc warlord
  7424 | D        | Identified the +5 demon blade of the Spectre {drain, +Blink
                  | rC++}
  7435 | D        | Noticed an ophan
  7442 | D        | Received a gift from Sif Muna
  7446 | D        | Killed an ophan
  7446 | D        | Noticed a shadow dragon
  7447 | D        | Reached skill level 5 in Fire Magic
  7464 | D        | Killed a shadow dragon
  7475 | D        | Got Sif Muna's Volume of Enthralling Cold {god gift}
  7561 | D        | Noticed an angel
  7565 | D        | Killed an angel
  7587 | D        | Received a gift from Sif Muna
  7588 | D        | Got Sif Muna's Disquisition on Evil Weightlessness {god
                  | gift}
  7760 | D        | Received a gift from Sif Muna
  7761 | D        | Got Sif Muna's Guide on Evil Shape Shifting {god gift}
  7865 | D        | Noticed a deep elf sorcerer
  7865 | D        | Noticed a stone giant
  7866 | D        | Noticed an angel
  7866 | D        | Noticed a golden dragon
  7868 | D        | Killed a stone giant
  7868 | D        | Killed a deep elf sorcerer
  7876 | D        | Killed from afar by a blizzard demon

Illustrated notes

Levels and vault maps discovered:
D:        pitsprint [storerooms_1, entrance_room_1, metal_vault_5, armoury_2,
          mini_pit_1, grid_room_1, main_hall_1, silver_pit, the_coven_2,
          the_vestibule_1, steel_vault_1, golden_pit, hallway_of_sentries,
          crystal_vault_1, iron_vault_1, final_vault]

Skill      XL: |  1  2  3  4  5  6  7  8  9 10 11 12 13 14 |
---------------+-------------------------------------------+-----
Earth Magic    | 5 6 9 10 15 17 18 19 20 25 27 | 27.0
Conjurations   | 4 7 8 11 13 | 13.5
Transmutations | 4 7 8 10 | 10.1
Spellcasting   | 4 6 8 10 12 14 16 | 16.3
Invocations    | 5 7 9 11 | 11.0
Fighting       | 2 7 11 | 11.1
Dodging        | 3 6 9 |  9.6
Stealth        | 2 |  2.7
Staves         | 9 12 | 12.0
Shields        | 8 12 | 12.3
Evocations     | 8 12 | 12.3
Fire Magic     | 8 |  8.1

Action                   |  1- 3 |  4- 6 |  7- 9 | 10-12 | 13-15 || total
-------------------------+-------+-------+-------+-------+-------++-------
Melee: Quarterstaff      |    22 |    22 |     2 |    40 |       ||    86
       Tailslap          |     1 |     2 |       |     7 |     9 ||    19
       Staff             |       |       |       |       |    77 ||    77
 Cast: Sandblast         |    16 |     8 |     5 |     1 |       ||    30
       Stone Arrow       |       |     2 |    32 |    10 |       ||    44
       Petrify           |       |       |     2 |       |       ||     2
       Lee's Rapid Decon |       |       |     8 |    92 |    88 ||   188
       Statue Form       |       |       |       |     3 |     3 ||     6
       Fire Storm        |       |       |       |       |     1 ||     1
       Iron Shot         |       |       |       |       |     7 ||     7
       Shatter           |       |       |       |       |     3 ||     3
Invok: Channel Magic     |       |       |     4 |     7 |    11 ||    22
       Divine Exegesis   |       |       |       |       |     1 ||     1
Evoke: Condenser vane    |       |       |       |       |     1 ||     1
  Use: Potion            |     2 |     3 |       |     2 |     6 ||    13
       Scroll            |       |       |       |     2 |     3 ||     5
 Stab: Sleeping          |     1 |     1 |       |       |       ||     2
       Distracted        |       |       |       |       |     1 ||     1
Armor: Skin              |     8 |     9 |    17 |    35 |    77 ||   146
Dodge: Dodged            |    23 |    18 |    13 |    48 |    87 ||   189

Table legend: (Time is in decaauts)
 A = Elapsed time spent in this place.
 B = Non-inter-level travel time spent in this place.
 C = Inter-level travel time spent in this place.
 D = Time resting spent in this place.
 E = Time spent auto-exploring this place.
 F = Levels seen in this place.
 G = Mean time per level.
                   A        B        C        D        E       F      G
               +--------+--------+--------+--------+--------+-----+--------+
         Total |   8045 |   7999 |     46 |   5646 |      0 |   1 | 8045.0 |
       Dungeon |   8045 |   7999 |     46 |   5646 |      0 |   1 | 8045.0 |
               +--------+--------+--------+--------+--------+-----+--------+

Top non-repeatable levels by time:
       D: 8045 daAuts
